 Dungeon Sprint DCSS version 0.26.0-57-g60708a5e39 (webtiles) character file.

Game seed: 4028000710841763021

5 Groucho the Sneak (level 1, -3/9 HPs)
             Began as a Spriggan Enchanter on Feb 1, 2021.
             Killed by nerve-wracking pain
             ... invoked by Jessica
              (12 damage)
             ... in the Dungeon (Sprint III: "The Ten Rune Challenge").
             The game lasted 00:00:54 (37 turns).

Groucho the Sneak (Spriggan Enchanter)                Turns: 37, Time: 00:00:54

Health: -3/9       AC:  2    Str:  4    XL:     1   Next: 66%
Magic:  5/5        EV: 19    Int: 16    God:
Gold:   13         SH:  0    Dex: 16    Spells: 5/6 levels left

rFire    . . .     SeeInvis +   a - +1 dagger
rCold    . . .     Faith    .   (shield restricted)
rNeg     . . .     Spirit   .   b - +0 robe
rPois    .         Reflect  .   (helmet restricted)
rElec    .         Harm     .   (no cloak)
rCorr    .         Rampage  .   (gloves unavailable)
Will     .....     NoTele   +   (boots unavailable)
Stlth    +++.......             (no amulet)
HPRegen  0.03/turn              (no ring)
MPRegen  0.09/turn              (no ring)

@: hasted, very quick
A: very small, unfitting armour, see invisible, speed 3
a: no special abilities


You were in the Dungeon.
You visited 1 branch You collected 13 gold pieces.

Inventory:

Hand Weapons
 a - a +1 dagger (weapon)
Armour
 b - a +0 robe (worn)
Scrolls
 i - a scroll of blinking
Potions
 d - a potion of curing
 e - a potion of heal wounds
 g - 2 potions of magic
 h - a potion of berserk rage


   Skills:
 + Level 1.9 Short Blades
 + Level 3.7 Dodging
 + Level 5.0 Stealth
 + Level 3.2 Spellcasting
 + Level 4.1 Hexes


You had 5 spell levels left.
You knew the following spells:

 Your Spells              Type           Power        Failure   Level
a - Corona                Hex            16%          3%          1

Your spell library contained the following spells:

 Spells                   Type           Power        Failure   Level
 Confusing Touch          Hex            15%          10%         3
 Tukima's Dance           Hex            15%          10%         3
 Ensorcelled Hibernation  Hex/Ice        18%          12%         2
 Dazzling Flash           Conj/Hex       18%          24%         3


Dungeon Overview and Level Annotations

Branches:
Dungeon (1/1)

Altars:

Annotations:
D Jessica


Innate Abilities, Weirdness & Mutations

You are very small and have problems with some larger weapons.
You are too small for most types of armour.
You have supernaturally acute eyesight. (SInv)
You cover ground extremely quickly.


Message History

You now have 13 gold pieces.
You see here a rat corpse.
Found 16 poisoned darts.
Jessica the Apprentice Sorceress comes into view.
She is wielding a +0 club.
Jessica shouts!
Jessica closely misses you.
You feel yourself speed up. Jessica completely misses you.
You hit Jessica but do no damage. You hit Jessica.
Jessica is moderately wounded.
Jessica drinks a potion.
Jessica flickers and vanishes for a moment.
You closely miss Jessica.
Jessica is moderately wounded.
You hit Jessica but do no damage.
Jessica is moderately wounded.
Jessica gestures at you while chanting. Pain shoots through your body!
Ouch! That really hurt!
You die...

▓▓▓▓▓▓▓▓▓
▓<..#(..####
▓...#......##
▓..##.....@.#
▓##.##.##..@#
##.##.###..#
▓#.####.##..#
▓.###..##..##
▓#.....# ..#
###..## ..#
##†.## ...#
#..##


You could see Jessica (invisible).

Vanquished Creatures
  An ooze (D)
  A rat (D)
2 creatures vanquished.

Notes
Turn   | Place    | Note
-------+----------+-------------------------------------------
     0 | D        | Groucho the Spriggan Enchanter began the quest for the Orb.
     0 | D        | Reached XP level 1. HP: 9/9 MP: 5/5
    11 | D        | Reached skill level 5 in Stealth
    29 | D        | Noticed Jessica
    37 | D        | Killed from afar by Jessica

Illustrated notes

Levels and vault maps discovered:
D:        dungeon_sprint_mu [sprint_mu_entry_cave, sprint_mu_temple_rooms,
          sprint_mu_d1_horrors, sprint_mu_d2_genie, sprint_mu_d3_branching,
          sprint_mu_orc_legion, sprint_mu_elf_gauntlet, sprint_mu_hive_nellie,
          sprint_mu_lair_fedhas, sprint_mu_vaults_butterflies,
          sprint_mu_slime_circle, sprint_mu_shoals_archi,
          sprint_mu_snake_twists, sprint_mu_blade_basic,
          sprint_mu_crypt_chambers, sprint_mu_tomb_spiral,
          sprint_mu_vestibule_basic, sprint_mu_gehenna_hellfire,
          sprint_mu_dis_giant, sprint_mu_tartarus_statrot,
          sprint_mu_cocytus_islands, sprint_mu_zot1]

Skill      XL: |  1 |
---------------+----+-----
Stealth        | 5 |  5.0
Spellcasting   | 3 |  3.2
Hexes          | 4 |  4.1
Short Blades   | |  1.9
Dodging        | |  3.7

Action                   || total
-------------------------++-------
Melee: Dagger            ||     6
  Use: Potion            ||     1
 Stab: Sleeping          ||     2
Dodge: Dodged            ||     2
